 Dungeon Crawl Stone Soup version 0.30.1-11-g7821555f0a (webtiles) character file.

Game seed: 17551319240452384766

179 Martska the Trooper (level 5, -4/42 HPs)
             Began as a Demonspawn Fighter on Dec 14, 2023.
             Was a Believer of Uskayaw.
             Killed by nerve-wracking pain
             ... invoked by Grinder
              (11 damage)
             ... on level 3 of the Dungeon.
             The game lasted 00:04:46 (3265 turns).

Martska the Trooper (Demonspawn Fighter)            Turns: 3265, Time: 00:04:46

Health: -4/42      AC: 12    Str: 24    XL:     5   Next: 33%
Magic:  5/5        EV: 10    Int:  9    God:    Uskayaw [**....]
Gold:   186        SH:  8    Dex: 12    Spells: 4/4 levels left

rFire   . . .        g - +1 dagger (flame)
rCold   . . .        c - +0 buckler
rNeg    . . .        b - +0 scale mail
rPois   .            h - +2 helmet
rElec   .            t - +0 cloak "Gann" {Str+5}
rCorr   .            (no gloves)
SInv    .            (no boots)
Will    .....        (no amulet) Stlth
                     (no ring)
HPRegen 0.27/turn    (no ring)
MPRegen 0.09/turn

%: no passive effects
@: slowed, very slow
A: powered by pain 1, sharp scales 1, condensation shield
a: Renounce Religion, Stomp, Line Pass


You were on level 3 of the Dungeon.
You worshipped Uskayaw.
Uskayaw was noncommittal.
You visited 1 branch of the dungeon, and saw 3 of its levels.

You collected 186 gold pieces.

Inventory:

Hand Weapons
 a - a +0 war axe
 g - a +1 dagger of flaming (weapon)
 l - a +0 dagger of venom
Missiles
 E - a throwing net (quivered)
Armour
 b - a +0 scale mail (worn)
 c - a +0 buckler (worn)
 h - a +2 helmet (worn)
 o - a +0 cloak
 t - the +0 cloak "Gann" (worn) {Str+5}
   (You found it on level 2 of the Dungeon)

   Str:       It affects your strength (+5).
Jewellery
 k - a ring of wizardry
 q - a ring of willpower
Scrolls
 f - 3 scrolls of teleportation {unknown}
 i - 4 scrolls of identify {unknown}
 m - a scroll of enchant armour {unknown}
 n - a scroll of magic mapping {unknown}
 r - a scroll of summoning {unknown}
 v - 2 scrolls of enchant weapon {unknown}
 w - a scroll of amnesia {unknown}
 x - a scroll of fog {unknown}
 y - a scroll of immolation {unknown}
 C - a scroll of fear {unknown}
Potions
 d - a potion of heal wounds
 e - a potion of attraction {unknown}
 j - a potion of invisibility {unknown}
 p - 2 potions of haste {unknown}
 s - 2 potions of lignification {unknown}
 u - 2 potions of curing {unknown}
 z - a potion of mutation {unknown}
 A - a potion of flight {unknown}
 B - a potion of degeneration {unknown}
 D - a potion of resistance {unknown}


   Skills:
 * Level 4.2 Fighting
 - Level 1.7 Axes
 + Level 3.3 Armour
 * Level 2.4 Dodging
 + Level 3.3 Shields


You had 4 spell levels left.
You didn't know any spells.
Your spell library contained the following spells:

 Spells                   Type           Power      Damage    Failure   Level
 Cigotuvi's Dreadful Rot  Necr/Pois/Air  0%         N/A       87%         2
 Ignite Poison            Fire/Tmut/Pois 0%         N/A       98%         3
 Freezing Cloud           Conj/Ice/Air   0%         6-21      100%        5


Dungeon Overview and Level Annotations

Branches:
Dungeon (3/15)

Altars:
Uskayaw

Shops:
D:1 =

Annotations:
D:3 1 runed translucent door, Crazy Yiuf, Grinder, Natasha


Innate Abilities, Weirdness & Mutations

You sometimes gain a little power by taking damage.
You are partially covered in razor-sharp scales. (AC +1, Slay +1)
A meltable shield of frost defends you. (SH +4)


Message History

Grinder hits you but does no damage.
The cerulean imp hits you but does no damage.
Grinder hits you.
* * * LOW HITPOINT WARNING * * *
You writhe in agony.
* * * LOW HITPOINT WARNING * * *
The cerulean imp barely misses you. Grinder hits you.
* * * LOW HITPOINT WARNING * * *
You writhe in agony.
* * * LOW HITPOINT WARNING * * *
You can move again.
It was a potion of heal wounds.
You feel much better.
The cerulean imp hits you but does no damage.
Grinder barely misses you.
The cerulean imp hits you but does no damage.
You can no longer pass through a line of other dancers.
You hit Grinder. You burn Grinder.
Grinder is severely wounded.
Grinder misses you.
The cerulean imp hits you but does no damage.
Grinder hits you but does no damage.
You can now pass through a line of other dancers.
You hit Grinder but do no damage.
Grinder is severely wounded.
The cerulean imp hits you but does no damage.
Grinder hits you!
The cerulean imp hits you but does no damage.
You block Grinder's attack.
You hit Grinder. You burn Grinder.
Grinder is severely wounded.
The cerulean imp hits you but does no damage.
Grinder gestures at you. Pain shoots through your body!
* * * LOW HITPOINT WARNING * * *
You barely miss Grinder.
Grinder is severely wounded.
The cerulean imp disappears in a puff of smoke!
Grinder gestures at you. Pain shoots through your body!
You die...

#.##.#...#.....#
#.##...(..##.###
#.####...###.###
#.####.........#
#.........##.#.#
##...........#.##
#...............
############ยง..........#.##
#######.........@5h..........#.#
........####..####.###.........#
#.#.##### #.........#.......###
#.#.# #.##.##.......###.## ..#.#
#.##.......#####...# ###.#
#.......#..# #...# ##.#
####.##.#..# #...### #..########
#.##.#..### #...... ##.##.....#
##.#.......###....##


You could see Grinder and Natasha.

Vanquished Creatures
  Natasha (twice) (D:3)
  6 adders
  3 worms
  4 dart slugs
  4 bats
  4 endoplasms
  2 giant cockroaches
  5 goblins
  7 hobgoblins
  3 jackals (D:2)
  A quokka (D:1)
  7 ball pythons
  4 frilled lizards (D:1)
  5 kobolds
  5 rats
62 creatures vanquished.

Notes
Turn   | Place    | Note
-------+----------+-------------------------------------------
     0 | D:1      | Martska the Demonspawn Fighter began the quest for the Orb.
     0 | D:1      | Reached XP level 1. HP: 18/18 MP: 1/1
   126 | D:1      | Found a faded altar of an unknown god.
   134 | D:1      | Gained mutation: You sometimes gain a little power by
                  | taking damage. [demonic ancestry]
   134 | D:1      | Reached XP level 2. HP: 17/24 MP: 2/2
   141 | D:1      | Reached skill level 1 in Dodging
   238 | D:1      | Found Abeumufo's One-of-a-Kind Rings.
   722 | D:1      | Gained mutation: A meltable shield of frost defends you.
                  | (SH +4) [demonic ancestry]
   722 | D:1      | Reached XP level 3. HP: 29/29 MP: 3/3
  1600 | D:2      | Found a hide-covered altar of Uskayaw.
  1628 | D:2      | Became a worshipper of Uskayaw the Reveller
  1695 | D:2      | Reached XP level 4. HP: 37/37 MP: 4/4
  1695 | D:2      | Reached * piety under Uskayaw
  1772 | D:2      | Identified the +0 cloak "Gann" {Str+5}
  2089 | D:3      | Noticed Grinder
  2096 | D:3      | Paralysed by Grinder for 3 turns
  2228 | D:3      | Paralysed by Grinder for 5 turns
  2460 | D:3      | Noticed Natasha
  2473 | D:3      | Reached ** piety under Uskayaw
  2477 | D:3      | Killed Natasha
  2477 | D:3      | Paralysed by Grinder for 2 turns
  2477 | D:3      | Reached *** piety under Uskayaw
  2478 | D:3      | Reached skill level 4 in Fighting
  2492 | D:3      | Paralysed by Grinder for 3 turns
  2759 | D:3      | Gained mutation: You are partially covered in razor-sharp
                  | scales. (AC +1, Slay +1) [demonic ancestry]
  2759 | D:3      | Reached XP level 5. HP: 42/42 MP: 5/5
  3065 | D:3      | Noticed Natasha
  3072 | D:3      | Killed Natasha
  3096 | D:3      | Found a runed translucent door.
  3097 | D:3      | Noticed Crazy Yiuf
  3232 | D:3      | Noticed Natasha
  3238 | D:3      | Paralysed by Grinder for 2 turns
  3256 | D:3      | Paralysed by Grinder for 5 turns
  3260 | D:3      | HP: 1/42 [Grinder (6)]
  3265 | D:3      | Killed from afar by Grinder

Illustrated notes

Levels and vault maps discovered:
D:1:      dpeg_arrival_brainrot, layout_basic,
          hellmonk_ecumenical_altar_arch_garden, nicolae_shop_unique_rings
D:2:      layout_loops_corners, basic_altar
D:3:      layout_loops_cross, gammafunk_temple_overflow_wave,
          uniq_crazy_yiuf_cottage, uniq_grinder, uniq_natasha

Skill      XL: |  1  2  3  4 |
---------------+-------------+-----
Dodging        | 1 2 |  2.4
Shields        | 3 |  3.3
Armour         | 3 |  3.3
Fighting       | 4 |  4.2
Axes           | |  1.7

Action                     |  1- 3 |  4- 6 || total
---------------------------+-------+-------++-------
  Melee: War axe           |    37 |       ||    37
         Dagger            |    92 |   138 ||   230
    Use: Potion            |       |     2 ||     2
   Stab: Paralysed         |       |     1 ||     1
 Armour: Scale mail        |    57 |    75 ||   132
  Dodge: Dodged            |    62 |    45 ||   107
  Block: Buckler           |    42 |    63 ||   105
